PA
COLUMBIA RIVER RATS @ HOGSMEADE CAULDRONS
05/02/2029
 
TOP OF THE 1ST
Columbia River Rats batting - Pitching for Hogsmeade Cauldrons : RHP Carlos Salcido
Pitching: RHP Carlos Salcido
Batting: SHB José Segura 0-0: Called Strike
0-1: Ball
1-1: Ball
2-1: Foul Ball, location: 2F
2-2: Ball
3-2: Base on Balls
Batting: RHB Jesús Osorio 0-0: Foul Ball, location: 2F
0-1: Foul Ball, location: 2F
0-2: Ball
José Segura steals 2nd base
1-2: Ball
2-2: Ball
3-2: SINGLE (Groundball, 6MD)
José Segura to third
Runner from 3rd tries for Home, SAFE, no throw
Batting: RHB Yves Girard 0-0: Foul Ball, location: 2F
0-1: Ball
1-1: Foul Ball, location: 2F
1-2: DOUBLE (Groundball, 5L)
Jesús Osorio to third
Batting: RHB George Coffel 0-0: Called Strike
0-1: Ball
1-1: Ball
2-1: Swinging Strike
2-2: Ball
3-2: Strikes out swinging
Batting: SHB Robert Hillier 0-0: Called Strike
0-1: Swinging Strike
0-2: Fly out, F2 (Popup, 2LF)
Batting: RHB Júlio Costa 0-0: Ball
Wild Pitch!
Jesús Osorio scores
Yves Girard to third
1-0: Foul Ball, location: 2F
1-1: Ground out 6-3 (Groundball, 6D)
Top of the 1st over - 2 runs, 2 hits, 0 errors, 1 left on base; Columbia 2 - Hogsmeade 0
BOTTOM OF THE 1ST
Hogsmeade Cauldrons batting - Pitching for Columbia River Rats : LHP Giel Overwater
Pitching: LHP Giel Overwater
Batting: RHB César Ramos 0-0: Called Strike
0-1: SINGLE (Line Drive, 7S)
Batting: RHB Panas Pletnev 0-0: Foul Ball, location: 2F
0-1: Ball
1-1: Ball
2-1: Called Strike
2-2: Foul Ball, location: 2F
2-2: Foul Ball, location: 2F
2-2: Foul Ball, location: 2F
2-2: Strikes out looking
Batting: RHB Damon Newbold 0-0: Ball
1-0: Ball
2-0: Fly out, F8 (Line Drive, 78D)
Batting: RHB Luis Manuel Flores 0-0: Ball
César Ramos is caught stealing 2nd base
Bottom of the 1st over - 0 runs, 1 hit, 0 errors, 0 left on base; Columbia 2 - Hogsmeade 0
TOP OF THE 2ND
Columbia River Rats batting - Pitching for Hogsmeade Cauldrons : RHP Carlos Salcido
Batting: RHB Asko Riikonen 0-0: Called Strike
0-1: Bunt for hit - play at first, batter safe!
Batting: LHB Jordan Westacott 0-0: SINGLE (Groundball, 6D)
Asko Riikonen to second
Batting: RHB Andrew Berven 0-0: Ball
1-0: Ball
2-0: Ball
3-0: Base on Balls
Asko Riikonen to third
Jordan Westacott to second
Batting: SHB José Segura 0-0: Ball
1-0: Foul Ball, location: 2F
1-1: SINGLE (Line Drive, 4MD)
Asko Riikonen scores
Jordan Westacott to third
Andrew Berven to second
Runner from 3rd tries for Home, SAFE, no throw
Batting: RHB Jesús Osorio 0-0: Ball
1-0: Foul Ball, location: 2F
1-1: Foul Ball, location: 2F
1-2: Strikes out swinging
Batting: RHB Yves Girard 0-0: Called Strike
0-1: Foul Ball, location: 2F
0-2: Ball
1-2: Ball
2-2: Foul Ball, location: 2F
2-2: Ground out 6-3 (Groundball, 6S)
Andrew Berven to third
José Segura to second
Batting: RHB George Coffel 0-0: Ball
1-0: Called Strike
1-1: Called Strike
1-2: Ball
2-2: Fly out, F8 (Line Drive, 8LD)
Top of the 2nd over - 2 runs, 3 hits, 0 errors, 2 left on base; Columbia 4 - Hogsmeade 0
BOTTOM OF THE 2ND
Hogsmeade Cauldrons batting - Pitching for Columbia River Rats : LHP Giel Overwater
Batting: RHB Luis Manuel Flores 0-0: Ball
1-0: Ball
2-0: Foul Ball, location: 2F
2-1: Hit by Pitch
Batting: RHB Bob Petiet 0-0: Called Strike
0-1: Swinging Strike
0-2: Fly out, F7 (Flyball, 7)
Batting: RHB Mariano Saelices 0-0: Called Strike
0-1: Swinging Strike
0-2: Ball
1-2: Strikes out swinging
Batting: RHB Akke Derksen 0-0: Ball
1-0: Ball
2-0: Called Strike
2-1: Fly out, F9 (Line Drive, 89M)
Bottom of the 2nd over - 0 runs, 0 hits, 0 errors, 1 left on base; Columbia 4 - Hogsmeade 0
TOP OF THE 3RD
Columbia River Rats batting - Pitching for Hogsmeade Cauldrons : RHP Carlos Salcido
Batting: SHB Robert Hillier 0-0: Called Strike
0-1: Ball
1-1: Ball
2-1: Foul Ball, location: 2F
2-2: Strikes out swinging
Batting: RHB Júlio Costa 0-0: Ball
1-0: Called Strike
1-1: Swinging Strike
1-2: Ground out 4-3 (Groundball, 4)
Batting: RHB Asko Riikonen 0-0: Foul Ball, location: 2F
0-1: Ball
1-1: Reached on error, E6 (Groundball, 6)
Batting: LHB Jordan Westacott 0-0: Ball
1-0: Swinging Strike
1-1: Ball
2-1: Swinging Strike
2-2: Strikes out swinging
Top of the 3rd over - 0 runs, 0 hits, 1 error, 1 left on base; Columbia 4 - Hogsmeade 0
BOTTOM OF THE 3RD
Hogsmeade Cauldrons batting - Pitching for Columbia River Rats : LHP Giel Overwater
Batting: RHB Javier López 0-0: Fly out, F9 (Line Drive, 9S)
Batting: RHB Octávio Pineda 0-0: Called Strike
0-1: Ball
1-1: Called Strike
1-2: Ball
2-2: Strikes out swinging, 2-3 out at first.
Batting: RHB César Ramos 0-0: Foul Ball, location: 2F
0-1: Called Strike
0-2: Ball
1-2: Strikes out swinging
Bottom of the 3rd over - 0 runs, 0 hits, 0 errors, 0 left on base; Columbia 4 - Hogsmeade 0
TOP OF THE 4TH
Columbia River Rats batting - Pitching for Hogsmeade Cauldrons : RHP Carlos Salcido
Batting: RHB Andrew Berven 0-0: SINGLE (Groundball, 6MD)
Batting: SHB José Segura 0-0: Fly out, F8 (Flyball, 8LD)
Runner from 1st tags up, SAFE at 2nd
Batting: RHB Jesús Osorio 0-0: Ball
1-0: Ball
2-0: Ground out 5-3 (Groundball, 56S)
Andrew Berven to third
Batting: RHB Yves Girard 0-0: Ground out 6-3 (Groundball, 6)
Top of the 4th over - 0 runs, 1 hit, 0 errors, 1 left on base; Columbia 4 - Hogsmeade 0
BOTTOM OF THE 4TH
Hogsmeade Cauldrons batting - Pitching for Columbia River Rats : LHP Giel Overwater
Batting: RHB Panas Pletnev 0-0: Ball
1-0: Ball
2-0: Swinging Strike
2-1: Foul Ball, location: 2F
2-2: Ball
3-2: Base on Balls
Batting: RHB Damon Newbold 0-0: Ball
1-0: Ball
2-0: SINGLE (Line Drive, 6MD)
Panas Pletnev to second
Batting: RHB Luis Manuel Flores 0-0: Ball
1-0: Ball
2-0: Fly out, F8 (Flyball, 8LXD)
Runner from 2nd tags up, SAFE at 3rd, no throw
Batting: RHB Bob Petiet 0-0: Ball
1-0: Called Strike
1-1: Fielders Choice at 2nd, 5-4 (Groundball, 56)
Panas Pletnev scores
Batting: RHB Mariano Saelices 0-0: Fly out, F5 (Line Drive, 5)
Bottom of the 4th over - 1 run, 1 hit, 0 errors, 1 left on base; Columbia 4 - Hogsmeade 1
TOP OF THE 5TH
Columbia River Rats batting - Pitching for Hogsmeade Cauldrons : RHP Carlos Salcido
Batting: RHB George Coffel 0-0: Ball
1-0: Called Strike
1-1: Called Strike
1-2: Strikes out swinging
Batting: SHB Robert Hillier 0-0: Called Strike
0-1: Ball
1-1: Ball
2-1: Fly out, F5 (Popup, 5L)
Batting: RHB Júlio Costa 0-0: Ball
1-0: Called Strike
1-1: Swinging Strike
1-2: Strikes out swinging
Top of the 5th over - 0 runs, 0 hits, 0 errors, 0 left on base; Columbia 4 - Hogsmeade 1
BOTTOM OF THE 5TH
Hogsmeade Cauldrons batting - Pitching for Columbia River Rats : LHP Giel Overwater
Batting: RHB Akke Derksen 0-0: Ball
1-0: Called Strike
1-1: Swinging Strike
1-2: Ball
2-2: Ball
3-2: Foul Ball, location: 2F
3-2: Base on Balls
Batting: RHB Javier López 0-0: Ball
1-0: Ball
2-0: Sac Bunt - play at first, batter OUT! 5-4
Akke Derksen to second
Batting: RHB Octávio Pineda 0-0: Ball
1-0: Called Strike
1-1: Ball
Wild Pitch!
Akke Derksen to third
2-1: Foul Ball, location: 2F
2-2: Strikes out swinging
Batting: RHB César Ramos 0-0: Ball
1-0: Ball
2-0: Called Strike
2-1: Foul Ball, location: 2F
2-2: Strikes out swinging
Bottom of the 5th over - 0 runs, 0 hits, 0 errors, 1 left on base; Columbia 4 - Hogsmeade 1
TOP OF THE 6TH
Columbia River Rats batting - Pitching for Hogsmeade Cauldrons : RHP Carlos Salcido
Batting: RHB Asko Riikonen 0-0: Ball
1-0: Foul Ball, location: 2F
1-1: Swinging Strike
1-2: Strikes out looking
Batting: LHB Jordan Westacott 0-0: Foul Ball, location: 2F
0-1: Called Strike
0-2: Ball
1-2: Fly out, F9 (Flyball, 9D)
Batting: RHB Andrew Berven 0-0: Fly out, F5 (Line Drive, 5)
Top of the 6th over - 0 runs, 0 hits, 0 errors, 0 left on base; Columbia 4 - Hogsmeade 1
BOTTOM OF THE 6TH
Hogsmeade Cauldrons batting - Pitching for Columbia River Rats : LHP Giel Overwater
Batting: RHB Panas Pletnev 0-0: Hit by Pitch
Batting: RHB Damon Newbold 0-0: Ball
1-0: Ball
Panas Pletnev steals 2nd base
2-0: Ground out 6-3 (Groundball, 6)
Panas Pletnev to third
Batting: RHB Luis Manuel Flores 0-0: Ball
1-0: Ball
2-0: Called Strike
2-1: Swinging Strike
2-2: Ball
3-2: Foul Ball, location: 2F
3-2: Foul Ball, location: 2F
3-2: Foul Ball, location: 2F
3-2: Foul Ball, location: 2F
3-2: Base on Balls
Batting: RHB Bob Petiet 0-0: Ball
Wild Pitch!
Panas Pletnev scores
Luis Manuel Flores to second
1-0: Called Strike
1-1: Ball
Luis Manuel Flores is caught stealing 3rd base
2-1: Foul Ball, location: 2F
2-2: Fly out, F8 (Flyball, 78D)
Bottom of the 6th over - 1 run, 0 hits, 0 errors, 0 left on base; Columbia 4 - Hogsmeade 2
TOP OF THE 7TH
Columbia River Rats batting - Pitching for Hogsmeade Cauldrons : RHP Carlos Salcido
Batting: SHB José Segura 0-0: Swinging Strike
0-1: Foul Ball, location: 2F
0-2: Foul Ball, location: 2F
0-2: Strikes out swinging
Batting: RHB Jesús Osorio 0-0: Ground out 3-1 (Groundball, 34S)
Batting: RHB Yves Girard 0-0: Swinging Strike
0-1: Foul Ball, location: 2F
0-2: Ball
1-2: Ball
2-2: Ball
3-2: Foul Ball, location: 2F
3-2: Strikes out swinging
Top of the 7th over - 0 runs, 0 hits, 0 errors, 0 left on base; Columbia 4 - Hogsmeade 2
BOTTOM OF THE 7TH
Hogsmeade Cauldrons batting - Pitching for Columbia River Rats : LHP Giel Overwater
Batting: RHB Mariano Saelices 0-0: Swinging Strike
0-1: Ball
1-1: Fly out, F7 (Flyball, 7)
Batting: RHB Akke Derksen 0-0: Called Strike
0-1: SINGLE (Line Drive, 8RS)
Batting: RHB Javier López 0-0: Called Strike
0-1: Ball
1-1: Swinging Strike
1-2: Strikes out looking
Batting: RHB Octávio Pineda 0-0: Called Strike
0-1: Swinging Strike
0-2: Foul Ball, location: 2F
0-2: Ball
1-2: Ball
2-2: Foul Ball, location: 2F
2-2: Strikes out looking
Bottom of the 7th over - 0 runs, 1 hit, 0 errors, 1 left on base; Columbia 4 - Hogsmeade 2
TOP OF THE 8TH
Columbia River Rats batting - Pitching for Hogsmeade Cauldrons : RHP Carlos Salcido
Pitching: RHP Bogdon Sokolov
Batting: RHB George Coffel 0-0: Foul Ball, location: 2F
0-1: Called Strike
0-2: Foul Ball, location: 2F
0-2: SOLO HOME RUN (Line Drive, 7LD), Distance : 355 ft
Batting: SHB Robert Hillier 0-0: SINGLE (Flyball, 7LS)
Batting: RHB Júlio Costa 0-0: Sac Bunt - play at first, batter OUT! 2-3
Robert Hillier to second
Batting: RHB Asko Riikonen 0-0: Ball
1-0: Called Strike
1-1: DOUBLE (Groundball, 3L)
Robert Hillier scores
Batting: LHB Jordan Westacott 0-0: Intentional Walk
Pitching: RHP Gary Jordan
Batting: RHB Andrew Berven 0-0: Ball
1-0: Ball
2-0: Called Strike
2-1: Grounds into double play, 6-4-3 (Groundball, 6)
Top of the 8th over - 2 runs, 3 hits, 0 errors, 1 left on base; Columbia 6 - Hogsmeade 2
BOTTOM OF THE 8TH
Hogsmeade Cauldrons batting - Pitching for Columbia River Rats : LHP Giel Overwater
Batting: RHB César Ramos 0-0: Ball
1-0: Swinging Strike
1-1: Ball
2-1: Fly out, F8 (Flyball, 8RD)
Batting: RHB Panas Pletnev 0-0: SINGLE (Groundball, 6MD)
Batting: RHB Damon Newbold 0-0: Ball
1-0: Ball
2-0: Ground out 5-3 (Groundball, 56S)
Panas Pletnev to second
Pitching: RHP Freddie Balduis
Batting: RHB Luis Manuel Flores 0-0: SINGLE (Groundball, 6MD)
Panas Pletnev to third
Runner from 3rd tries for Home, SAFE, no throw
Batting: RHB Bob Petiet 0-0: Ball
1-0: Ball
2-0: Fly out, F9 (Flyball, 89S)
Bottom of the 8th over - 1 run, 2 hits, 0 errors, 1 left on base; Columbia 6 - Hogsmeade 3
TOP OF THE 9TH
Columbia River Rats batting - Pitching for Hogsmeade Cauldrons : RHP Gary Jordan
Batting: SHB José Segura 0-0: Ball
1-0: Foul Ball, location: 2F
1-1: Ground out 1-3 (Groundball, 13)
Batting: RHB Jesús Osorio 0-0: Ball
1-0: Called Strike
1-1: Ball
2-1: Ground out U3 (Groundball, 3)
Batting: RHB Yves Girard 0-0: Ball
1-0: Ball
2-0: Foul Ball, location: 2F
2-1: Ball
3-1: Base on Balls
Batting: RHB George Coffel 0-0: Called Strike
0-1: DOUBLE (Flyball, 8LXD)
Yves Girard to third
Runner from 3rd tries for Home, SAFE, no throw
Batting: SHB Robert Hillier 0-0: Ball
1-0: Fly out, F8 (Flyball, 8RM)
Top of the 9th over - 1 run, 1 hit, 0 errors, 1 left on base; Columbia 7 - Hogsmeade 3
BOTTOM OF THE 9TH
Hogsmeade Cauldrons batting - Pitching for Columbia River Rats : RHP Freddie Balduis
Batting: RHB Mariano Saelices 0-0: Fly out, F4 (Popup, 4M)
Batting: RHB Akke Derksen 0-0: Foul Ball, location: 2F
0-1: Fly out, F9 (Flyball, 9)
Batting: RHB Javier López 0-0: Called Strike
0-1: Ball
1-1: Ball
2-1: Foul Ball, location: 2F
2-2: Ball
3-2: Ground out 6-3 (Groundball, 6)
Bottom of the 9th over - 0 runs, 0 hits, 0 errors, 0 left on base; Columbia 7 - Hogsmeade 3
Tuesday, December 19th, 2017 - OOTP Baseball 18.8 Build 76